[Event "ICC tourney 2530 (3 2)"]
[Site "Internet Chess Club"]
[Date "2021.04.23"]
[Round "4"]
[White "MERCADO, PATRICIO:K09-16368776"]
[Black "RAJA, ABHINAV:K12-16290326"]
[Result "0-1"]
[ICCResult "White checkmated"]
[WhiteElo "1400"]
[BlackElo "1400"]
[Opening "Sicilian: Alapin's variation (2.c3)"]
[ECO "B22"]
[NIC "SI.46"]
[Time "18:54:00"]
[PlyCount "84"]
[TimeControl "180+2"]

1. e4 c5 2. c3 d5 3. d4 dxe4 4. dxc5 Qxd1+ 5. Kxd1 e5 6. Bb5+ Bd7 7. Bxd7+
Nxd7 8. Be3 Bxc5 9. Nd2 Bxe3 10. fxe3 f5 11. Ne2 Ne7 12. Ng3 g6 13. h4 Kf7
14. h5 Nc5 15. hxg6+ hxg6 16. Kc2 Nd5 17. Nc4 b5 18. Nxe5+ Kf6 19. Nc6
Nxe3+ 20. Kd2 Nxg2 21. Rhf1 Rh3 22. b4 Rxg3 23. bxc5 g5 24. Nd4 f4 25. Ne2
Rd3+ 26. Kc2 Rad8 27. Rad1 Rxd1 28. Rxd1 Ne3+ 29. Kb3 Nxd1 30. Nd4 Rxd4 31.
cxd4 f3 32. c6 Ke6 33. d5+ Kd6 34. Kc2 f2 35. Kxd1 f1=Q+ 36. Kd2 Qf3 37.
Kc2 g4 38. Kb2 g3 39. a3 g2 40. a4 g1=Q 41. axb5 Qgg2+ 42. Kc1 Qff1# {
White checkmated } 0-1

[Event "ICC tourney 2530 (3 2)"]
[Site "Internet Chess Club"]
[Date "2021.04.23"]
[Round "4"]
[White "CATLIN, CHRISTIAN:K09-17355105"]
[Black "WILLIAM STONE, VINCENT:K09-15537233"]
[Result "0-1"]
[ICCResult "White checkmated"]
[WhiteElo "1400"]
[BlackElo "1400"]
[Opening "Sicilian"]
[ECO "B50"]
[NIC "SI.01"]
[Time "18:53:20"]
[PlyCount "82"]
[TimeControl "180+2"]

1. e4 c5 2. Nf3 d6 3. Bc4 Nf6 4. Ng5 e6 5. Nc3 h6 6. Nf3 Nc6 7. O-O Be7 8.
d3 O-O 9. Bb5 Bd7 10. Bxc6 Bxc6 11. e5 dxe5 12. Nxe5 Be8 13. Qf3 Nd5 14.
Nxd5 Qxd5 15. Qg3 Bd6 16. Bf4 Bxe5 17. Bxe5 f6 18. Bf4 Kh7 19. Qh4 g5 20.
Bxg5 fxg5 21. Qh3 Bc6 22. f3 Qf5 23. Qh5 Be8 24. Qh3 Qxh3 25. gxh3 Bc6 26.
Kg2 Rf4 27. Rae1 Raf8 28. Rxe6 Rxf3 29. Re7+ R3f7+ 30. Kg3 Rxe7 31. Rxf8
Re3+ 32. Kf2 Rxh3 33. Rf7+ Kg6 34. Re7 Rxh2+ 35. Kg3 Rg2+ 36. Kh3 Kh5 37.
Re5 Rxc2 38. d4 cxd4 39. Re1 d3 40. Kg3 Rg2+ 41. Kh3 g4# { White checkmated
} 0-1

[Event "ICC tourney 2530 (3 2)"]
[Site "Internet Chess Club"]
[Date "2021.04.23"]
[Round "4"]
[White "MARIAN, AARON:K09-15799497"]
[Black "ADEWUMI, TANITOLUWA:K12-16649696"]
[Result "0-1"]
[ICCResult "White checkmated"]
[WhiteElo "1400"]
[BlackElo "1400"]
[Opening "King's Indian: 4.e4"]
[ECO "E76"]
[NIC "KI.32"]
[Time "18:53:33"]
[PlyCount "140"]
[TimeControl "180+2"]

1. d4 Nf6 2. c4 g6 3. Nc3 Bg7 4. e4 O-O 5. f4 d6 6. e5 dxe5 7. fxe5 Nfd7 8.
Nf3 c5 9. Bf4 cxd4 10. Qxd4 Nc6 11. Qd5 e6 12. Qd6 Ndxe5 13. Bxe5 Nxe5 14.
Qxd8 Nxf3+ 15. gxf3 Rxd8 16. Ne4 Bd7 17. O-O-O Bc6 18. Be2 f5 19. Ng5 Bh6
20. h4 Re8 21. Kb1 Bg7 22. Rhe1 h6 23. Nh3 Rad8 24. Nf4 Kf7 25. h5 g5 26.
Ng6 e5 27. c5 e4 28. Bc4+ Kf6 29. fxe4 Bxe4+ 30. Kc1 Bf8 31. b4 b6 32. Bb5
Rxd1+ 33. Rxd1 Rc8 34. Bc4 bxc5 35. Rd7 g4 36. Rf7+ Kg5 37. Rxf8 Rxf8 38.
Nxf8 cxb4 39. Ne6+ Kxh5 40. Nf4+ Kg5 41. Ne2 f4 42. Kd1 f3 43. Ng3 Kf4 44.
Nxe4 Kxe4 45. Ke1 Ke3 46. Kf1 h5 47. Bf7 h4 48. Be6 g3 49. Kg1 f2+ 50. Kf1
a5 51. Kg2 Ke2 52. Bc4+ Ke1 53. Bb5 h3+ 54. Kxh3 f1=Q+ 55. Bxf1 Kxf1 56.
Kxg3 a4 57. Kf4 b3 58. axb3 axb3 59. Ke3 b2 60. Kd3 b1=Q+ 61. Kd2 Qe4 62.
Kc3 Qd5 63. Kc2 Qd4 64. Kb3 Qc5 65. Kb2 Qc4 66. Ka1 Qb4 67. Ka2 Ke2 68. Ka1
Kd2 69. Ka2 Kc2 70. Ka1 Qa4# { White checkmated } 0-1

[Event "ICC tourney 2530 (3 2)"]
[Site "Internet Chess Club"]
[Date "2021.04.23"]
[Round "4"]
[White "YANG, ANDREW:K09-16578406"]
[Black "BENDRE, SOHAN ANUP:K12-14940058"]
[Result "0-1"]
[ICCResult "White forfeits on time"]
[WhiteElo "1400"]
[BlackElo "1400"]
[Opening "Benkö gambit accepted"]
[ECO "A58"]
[NIC "BI.42"]
[Time "18:54:00"]
[PlyCount "48"]
[TimeControl "180+2"]

1. d4 Nf6 2. c4 c5 3. d5 b5 4. cxb5 a6 5. bxa6 Bxa6 6. g3 d6 7. Bg2 g6 8.
Nf3 Bg7 9. Nc3 O-O 10. O-O Nbd7 11. Re1 Qc7 12. Bf4 Rfb8 13. b3 Nh5 14. Bd2
Nhf6 15. Bf4 Nh5 16. Bd2 Nhf6 17. Bf4 Ng4 18. Rc1 Nge5 19. Qd2 Ng4 20. h3
Ngf6 21. Bh6 Rc8 22. Bxg7 Kxg7 23. Nb1 Nb6 24. Na3 Qd7 { White forfeits on
time } 0-1

[Event "ICC tourney 2530 (3 2)"]
[Site "Internet Chess Club"]
[Date "2021.04.23"]
[Round "4"]
[White "SUVOROV, ZACHARY:K12-30101116"]
[Black "KIM, LEO:K09-17247615"]
[Result "0-1"]
[ICCResult "White checkmated"]
[WhiteElo "1400"]
[BlackElo "1400"]
[Opening "Caro-Kann defense"]
[ECO "B10"]
[NIC "CK.01"]
[Time "18:53:32"]
[PlyCount "86"]
[TimeControl "180+2"]

1. e4 c6 2. Nf3 d5 3. d4 dxe4 4. Ne5 f6 5. Nf7 Kxf7 6. Qh5+ g6 7. Bc4+ Be6
8. Bxe6+ Kxe6 9. Qg4+ Kf7 10. Qxe4 e6 11. O-O Bd6 12. Re1 Qe8 13. d5 e5 14.
dxc6 Nxc6 15. Nc3 f5 16. Qd5+ Qe6 17. Qf3 Nd4 18. Qe3 Nxc2 19. Qd2 Nxe1 20.
Qxe1 Nf6 21. Bg5 h6 22. Bxf6 Qxf6 23. Nd5 Qd8 24. Qd1 Rc8 25. Qb3 Ke8 26.
Qa4+ Qd7 27. Qxa7 Rc2 28. Qa8+ Qd8 29. Nf6+ Ke7 30. Nd5+ Kd7 31. Qa4+ Ke6
32. Qxc2 Kxd5 33. Rd1+ Ke6 34. Qb3+ Kf6 35. Qb6 Qxb6 36. a4 Rd8 37. Ra1
Qxb2 38. Rf1 Bc5 39. Kh1 Bxf2 40. h3 Bg3 41. a5 Qc2 42. a6 Rd1 43. axb7
Rxf1# { White checkmated } 0-1

[Event "ICC tourney 2530 (3 2)"]
[Site "Internet Chess Club"]
[Date "2021.04.23"]
[Round "4"]
[White "SHAH, ARSH:K09-17096480"]
[Black "XINZHE ZHANG, ALEXANDER:K09-16588540"]
[Result "1-0"]
[ICCResult "Black checkmated"]
[WhiteElo "1400"]
[BlackElo "1400"]
[Opening "Caro-Kann: exchange variation"]
[ECO "B13"]
[NIC "CK.02"]
[Time "18:53:43"]
[PlyCount "81"]
[TimeControl "180+2"]

1. e4 c6 2. d4 d5 3. exd5 cxd5 4. Nc3 Nf6 5. Nf3 Bf5 6. Be3 Nc6 7. Bb5 Bd7
8. O-O e6 9. a3 a6 10. Bd3 Bd6 11. Qd2 Qc7 12. h3 O-O-O 13. Rab1 h5 14. Na2
Rdg8 15. b4 b5 16. a4 Na7 17. axb5 Nxb5 18. Rbc1 Kb7 19. c4 dxc4 20. Rxc4
Qb8 21. Ne5 Bxe5 22. dxe5 Nd5 23. Be4 Bc6 24. Rfc1 Rc8 25. Nc3 Nbxc3 26.
R1xc3 Nxc3 27. Bxc6+ Rxc6 28. Rxc6 Kxc6 29. Qxc3+ Kb7 30. Qc5 Qc7 31. Qa7+
Kc8 32. Qa8+ Qb8 33. Qc6+ Qc7 34. Qa8+ Qb8 35. Qxa6+ Kd7 36. Bc5 Qxe5 37.
Qb5+ Kd8 38. Bb6+ Kc8 39. Qxe5 Kb7 40. Qc7+ Ka8 41. Qa7# { Black checkmated
} 1-0

[Event "ICC tourney 2530 (3 2)"]
[Site "Internet Chess Club"]
[Date "2021.04.23"]
[Round "4"]
[White "RAVAL, MEET:K09-30125723"]
[Black "LI, AUSTIN:K09-16606238"]
[Result "1-0"]
[ICCResult "Black forfeits on time"]
[WhiteElo "1400"]
[BlackElo "1400"]
[Opening "Queen's pawn"]
[ECO "A40"]
[NIC "QO.17"]
[Time "18:53:06"]
[PlyCount "97"]
[TimeControl "180+2"]

1. d4 e6 2. Bf4 d5 3. Nf3 Bd6 4. Bg3 c5 5. e3 Nf6 6. c4 Nc6 7. Nc3 cxd4 8.
exd4 Bxg3 9. hxg3 b6 10. Be2 Ba6 11. Qd3 dxc4 12. Qd2 Qd7 13. b3 b5 14. a4
bxa4 15. Rxa4 Bb7 16. Bxc4 Rd8 17. O-O Nxd4 18. Nxd4 Bc6 19. Bb5 Bxb5 20.
Ncxb5 Qxb5 21. Nxb5 Rxd2 22. Nc7+ Ke7 23. Rxa7 Rd7 24. Rc1 Nd5 25. b4 Nxb4
26. Nb5 Rxa7 27. Nxa7 Nd5 28. Nc6+ Kf6 29. Rd1 Rc8 30. Nd4 Rd8 31. Nc6 Rd6
32. Nb4 Ke7 33. Nxd5+ Rxd5 34. Rb1 Kf6 35. Rb7 h5 36. Kh2 Kg6 37. Kh3 f5
38. f3 Kh6 39. g4 hxg4+ 40. fxg4 Rd3+ 41. g3 f4 42. Rb6 Rxg3+ 43. Kh2 Re3
44. Rb7 g6 45. g5+ Kxg5 46. Rb5+ e5 47. Kg2 Kg4 48. Rb6 g5 49. Rb2 { Black
forfeits on time } 1-0

[Event "ICC tourney 2530 (3 2)"]
[Site "Internet Chess Club"]
[Date "2021.04.23"]
[Round "4"]
[White "BIRADAVOLU, ASRITH:K12-14190950"]
[Black "CHANDRAN, HARISH:K09-15751871"]
[Result "0-1"]
[ICCResult "White forfeits on time"]
[WhiteElo "1400"]
[BlackElo "1400"]
[Opening "Sicilian: dragon, Yugoslav attack, 7...O-O"]
[ECO "B76"]
[NIC "SI.17"]
[Time "18:53:28"]
[PlyCount "58"]
[TimeControl "180+2"]

1. e4 c5 2. Nf3 d6 3. d4 cxd4 4. Nxd4 Nf6 5. Nc3 g6 6. Be3 Bg7 7. f3 O-O 8.
Bc4 Nc6 9. O-O Bd7 10. Re1 a6 11. Bb3 b5 12. Nxc6 Bxc6 13. a3 Rc8 14. Rc1
Bb7 15. Qd2 Qc7 16. Ne2 Rfd8 17. c4 Qb8 18. cxb5 axb5 19. Rxc8 Qxc8 20. Rc1
Qd7 21. Bd4 e5 22. Rc8 Rxc8 23. Be3 d5 24. exd5 Bxd5 25. Bxd5 Qxd5 26. Nc3
Qxd2 27. Bxd2 Rb8 28. Be3 Nd7 29. Nd5 e4 { White forfeits on time } 0-1

[Event "ICC tourney 2530 (3 2)"]
[Site "Internet Chess Club"]
[Date "2021.04.23"]
[Round "4"]
[White "GANESH IYER, ARJUN:K09-17350382"]
[Black "MATHIYAZHAGAN, ASHRITH:K09-15357100"]
[Result "0-1"]
[ICCResult "White forfeits on time"]
[WhiteElo "1400"]
[BlackElo "1400"]
[Opening "Caro-Kann: anti-anti-Caro-Kann defense"]
[ECO "B10"]
[NIC "CK.01"]
[Time "18:53:15"]
[PlyCount "62"]
[TimeControl "180+2"]

1. e4 c6 2. c4 d5 3. cxd5 cxd5 4. exd5 Nf6 5. Nc3 Nxd5 6. Nxd5 Qxd5 7. b3
Qe5+ 8. Be2 Qxa1 9. Nf3 Nc6 10. O-O Bf5 11. Bb5 a6 12. Bxc6+ bxc6 13. d4 e6
14. Qd2 Qb1 15. Bb2 Qc2 16. Qxc2 Bxc2 17. Rc1 Be4 18. b4 Bxb4 19. Ne5 Rc8
20. f3 Bd5 21. a3 Bd6 22. Nc4 Bf4 23. Rc3 O-O 24. Nb6 Rb8 25. Nd7 Rxb2 26.
Nxf8 Kxf8 27. g3 Bd6 28. a4 Rb4 29. a5 Rb5 30. Kg2 Rxa5 31. Kh3 Ra4 { White
forfeits on time } 0-1

[Event "ICC tourney 2530 (3 2)"]
[Site "Internet Chess Club"]
[Date "2021.04.23"]
[Round "4"]
[White "Y NG, EUGENE:K09-17199947"]
[Black "VENKATESH NATARAJAN, ARAVINTH:K12-17300200"]
[Result "0-1"]
[ICCResult "White resigns"]
[WhiteElo "1400"]
[BlackElo "1400"]
[Opening "KP: Nimzovich defense"]
[ECO "B00"]
[NIC "VO.04"]
[Time "18:54:00"]
[PlyCount "66"]
[TimeControl "180+2"]

1. e4 Nc6 2. d4 e5 3. d5 Nce7 4. c4 Ng6 5. Nf3 Nf6 6. Bg5 h6 7. Bxf6 Qxf6
8. Nc3 Bb4 9. Qc2 O-O 10. Bd3 d6 11. O-O Bg4 12. Nd2 Qg5 13. f3 Bh3 14. Rf2
Nf4 15. Nf1 Bc5 16. g3 Nh5 17. Kh1 Bxf2 18. Qxf2 Bxf1 19. Rxf1 Nf6 20. f4
Qh5 21. Be2 Qg6 22. f5 Qg5 23. Rd1 Ng4 24. Qf3 h5 25. h4 Qh6 26. Qg2 Ne3
27. Qf3 Nxd1 28. Bxd1 g6 29. f6 a6 30. g4 hxg4 31. Qxg4 Kh7 32. Qg5 Rh8 33.
h5 Qxg5 { White resigns } 0-1

[Event "ICC tourney 2530 (3 2)"]
[Site "Internet Chess Club"]
[Date "2021.04.23"]
[Round "4"]
[White "KANKEYAN, RISHEETH:K09-16597998"]
[Black "KUSHALNAGAR, NIRUPAM:K12-17349316"]
[Result "0-1"]
[ICCResult "White resigns"]
[WhiteElo "1400"]
[BlackElo "1400"]
[Opening "Sicilian: Labourdonnais-Löwenthal (Kalashnikov) variation"]
[ECO "B32"]
[NIC "SI.32"]
[Time "18:53:12"]
[PlyCount "76"]
[TimeControl "180+2"]

1. e4 c5 2. Nf3 Nc6 3. d4 cxd4 4. Nxd4 e5 5. Nb5 d6 6. Bd3 Be7 7. N1c3 a6
8. Na3 b5 9. Nd5 Nf6 10. Nxe7 Qxe7 11. Bg5 O-O 12. O-O h6 13. Bh4 Be6 14.
c4 bxc4 15. Bxc4 Bxc4 16. Nxc4 Nd4 17. f4 Qe6 18. fxe5 Qxc4 19. exf6 Ne2+
20. Kh1 Qxe4 21. Re1 Qxh4 22. Qxe2 Qxf6 23. Rad1 Rab8 24. b3 Rb6 25. Qe3
Rfb8 26. h3 a5 27. Rd2 a4 28. bxa4 Rb2 29. Rxb2 Rxb2 30. Qa3 Qf2 31. Rg1
Rxa2 32. Qxd6 Rxa4 33. Qd3 Ra2 34. Qf1 Qxf1 35. Rxf1 f6 36. Kh2 Kf7 37. Rf3
g5 38. Ra3 Rxa3 { White resigns } 0-1

[Event "ICC tourney 2530 (3 2)"]
[Site "Internet Chess Club"]
[Date "2021.04.23"]
[Round "4"]
[White "MAITI, VEDANT:K09-16844427"]
[Black "EHRENBERG, JOSHUA:K12-16538457"]
[Result "1-0"]
[ICCResult "Black checkmated"]
[WhiteElo "1400"]
[BlackElo "1400"]
[Opening "QGD: Albin counter-gambit"]
[ECO "D08"]
[NIC "QG.02"]
[Time "18:53:22"]
[PlyCount "159"]
[TimeControl "180+2"]

1. d4 d5 2. c4 e5 3. cxd5 Qxd5 4. dxe5 Qxd1+ 5. Kxd1 Nc6 6. Nf3 Bf5 7. Nc3
O-O-O+ 8. Bd2 Bb4 9. e4 Bxc3 10. bxc3 Bxe4 11. Ng5 Bd5 12. c4 Be4 13. Nxf7
Nh6 14. Nxh8 Rxh8 15. Bxh6 gxh6 16. f3 Rd8+ 17. Ke1 Nd4 18. Rd1 Nc2+ 19.
Ke2 Bg6 20. Rxd8+ Kxd8 21. Kd2 Nd4 22. Bd3 Bf7 23. Re1 Ke7 24. Re4 Nc6 25.
Rh4 Nxe5 26. Rxh6 Nxd3 27. Kxd3 Bg6+ 28. Kd4 Kd6 29. h4 c5+ 30. Kc3 Ke5 31.
h5 Bf5 32. g4 Bb1 33. g5 Bf5 34. g6 hxg6 35. hxg6 Kf6 36. Rh7 Bxg6 37. Rxb7
a5 38. Ra7 Bh5 39. Rxa5 Bxf3 40. Rxc5 Ke6 41. a4 Kd6 42. Kb4 Bc6 43. a5 Kc7
44. a6 Kb6 45. Ra5 Ba8 46. c5+ Kc6 47. a7 Kc7 48. Kb5 Bc6+ 49. Ka6 Bb7+ 50.
Kb5 Bc6+ 51. Kc4 Ba8 52. Ra1 Kb7 53. Kb5 Kc7 54. Re1 Bc6+ 55. Kb4 Ba8 56.
Re7+ Kc8 57. Re8+ Kb7 58. c6+ Kxa7 59. c7 Bb7 60. c8=Q Bxc8 61. Rxc8 Kb7
62. Rc5 Kb6 63. Ra5 Kc6 64. Rb5 Kd6 65. Rc5 Ke6 66. Kc4 Kd6 67. Kd4 Ke6 68.
Rd5 Kf6 69. Re5 Kg6 70. Ke4 Kf6 71. Kf4 Kg6 72. Rf5 Kh6 73. Rg5 Kh7 74. Kf5
Kh6 75. Kf6 Kh7 76. Rg6 Kh8 77. Rg5 Kh7 78. Rg4 Kh8 79. Kf7 Kh7 80. Rh4# {
Black checkmated } 1-0

[Event "ICC tourney 2530 (3 2)"]
[Site "Internet Chess Club"]
[Date "2021.04.23"]
[Round "4"]
[White "ELIAS FALL, KHADIM:K09-15886147"]
[Black "GUO, JUNHUI:K09-30160929"]
[Result "0-1"]
[ICCResult "White checkmated"]
[WhiteElo "1400"]
[BlackElo "1400"]
[Opening "Sicilian: closed"]
[ECO "B23"]
[NIC "SI.44"]
[Time "18:54:00"]
[PlyCount "80"]
[TimeControl "180+2"]

1. e4 c5 2. Nc3 a6 3. Nf3 Nc6 4. Bc4 b5 5. Bd5 Bb7 6. a3 e6 7. Bxc6 Bxc6 8.
O-O Nf6 9. e5 Nd5 10. Nxd5 Bxd5 11. d3 Be7 12. Be3 O-O 13. Qe2 Qc7 14. b3
Rab8 15. c4 Ba8 16. cxb5 axb5 17. h3 Rfc8 18. Rfc1 d5 19. Rc2 Qa7 20. a4 b4
21. d4 c4 22. bxc4 Rxc4 23. Rxc4 dxc4 24. Qxc4 Bd5 25. Qd3 b3 26. Rb1 Qxa4
27. Kh1 b2 28. Kh2 Ba2 29. Rxb2 Rxb2 30. Bc1 Rb4 31. Bd2 Rb6 32. Ba5 Qxa5
33. g3 Bd5 34. Kg2 Qb5 35. h4 Qxd3 36. Kh3 Qxf3 37. h5 Qxf2 38. Kg4 Rb2 39.
Kh3 Bf3 40. g4 Qh2# { White checkmated } 0-1

[Event "ICC tourney 2530 (3 2)"]
[Site "Internet Chess Club"]
[Date "2021.04.23"]
[Round "4"]
[White "HUNG, DANIEL:K12-14504425"]
[Black "SREEJAN BAYYARAPU, MOHIT:K09-15582120"]
[Result "1-0"]
[ICCResult "Black checkmated"]
[WhiteElo "1400"]
[BlackElo "1400"]
[Opening "Sicilian: closed"]
[ECO "B23"]
[NIC "SI.44"]
[Time "18:53:22"]
[PlyCount "67"]
[TimeControl "180+2"]

1. e4 c5 2. Nc3 e6 3. f4 a6 4. Nf3 Qc7 5. d3 d6 6. g3 b5 7. Bg2 Bb7 8. O-O
Nd7 9. a4 b4 10. Ne2 Be7 11. Be3 Ngf6 12. h3 O-O 13. g4 d5 14. e5 Ne8 15.
c3 bxc3 16. bxc3 Rc8 17. d4 cxd4 18. cxd4 f6 19. Qe1 fxe5 20. fxe5 Nb6 21.
Ng5 Bxg5 22. Rxf8+ Kxf8 23. Bxg5 g6 24. Qh4 Kg8 25. Rf1 a5 26. Nf4 Ng7 27.
Bf6 Ba6 28. Rf2 Re8 29. Kh2 Nd7 30. Nxd5 exd5 31. Bxd5+ Kh8 32. Bxg7+ Kxg7
33. Rf7+ Kg8 34. Qxh7# { Black checkmated } 1-0

[Event "ICC tourney 2530 (3 2)"]
[Site "Internet Chess Club"]
[Date "2021.04.23"]
[Round "4"]
[White "SILVA, JAVIER:K09-16089208"]
[Black "ZONG, DAVIS:K09-14980186"]
[Result "1-0"]
[ICCResult "Black checkmated"]
[WhiteElo "1400"]
[BlackElo "1400"]
[Opening "Ruy Lopez: Anderssen variation"]
[ECO "C77"]
[NIC "RL.12"]
[Time "18:53:42"]
[PlyCount "105"]
[TimeControl "180+2"]

1. e4 e5 2. Nf3 Nc6 3. Bb5 a6 4. Ba4 Nf6 5. d3 b5 6. Bb3 Be7 7. c3 O-O 8.
O-O d6 9. Nbd2 Na5 10. Bc2 c5 11. d4 cxd4 12. cxd4 Nc6 13. dxe5 dxe5 14. a4
b4 15. Nc4 Qc7 16. Qe2 Bg4 17. Be3 Rab8 18. Rac1 Qb7 19. h3 Bh5 20. g4 Bg6
21. Ncxe5 Nxe5 22. Nxe5 Bxe4 23. Bxe4 Qxe4 24. Nc6 Rb7 25. Qxa6 Rd7 26. Qc4
Qg6 27. Ne5 Qe4 28. Nxd7 Qxc4 29. Nxf6+ Bxf6 30. Rxc4 b3 31. Rb4 Bxb2 32.
Rxb3 Be5 33. Ra3 Ra8 34. a5 Kf8 35. a6 Ke8 36. a7 Kd8 37. Rb3 Kc7 38. Rc1+
Kd7 39. f4 Bd6 40. Rb7+ Ke6 41. f5+ Ke5 42. Bf2 Ke4 43. Re1+ Kd5 44. Rd1+
Kc6 45. Rb6+ Kc7 46. Rdxd6 Rxa7 47. Rbc6+ Kb7 48. Bxa7 Kxa7 49. Rc7+ Kb8
50. Rxf7 Kc8 51. Rxg7 h5 52. Rh6 Kb8 53. Rh8# { Black checkmated } 1-0

[Event "ICC tourney 2530 (3 2)"]
[Site "Internet Chess Club"]
[Date "2021.04.23"]
[Round "4"]
[White "MUTHUKUMARAN, ARJUN:K09-30018527"]
[Black "ETHAN CHONG, JOSHUA:K09-15110220"]
[Result "0-1"]
[ICCResult "White forfeits on time"]
[WhiteElo "1400"]
[BlackElo "1400"]
[Opening "Queen's pawn, Mason variation"]
[ECO "D00"]
[NIC "QP.08"]
[Time "18:53:34"]
[PlyCount "86"]
[TimeControl "180+2"]

1. d4 d5 2. Bf4 Bf5 3. e3 e6 4. Bd3 Bg6 5. Nf3 Nf6 6. c3 Bd6 7. Bg3 c6 8.
O-O O-O 9. Bxg6 hxg6 10. Ne5 Qc7 11. f4 Ne4 12. Bf2 c5 13. Nd2 Nxd2 14.
Qxd2 Nc6 15. Be1 b5 16. Rf3 g5 17. Nxc6 Qxc6 18. fxg5 e5 19. Rh3 exd4 20.
exd4 Rfe8 21. Bg3 Bxg3 22. Rxg3 Re4 23. Rd1 Rae8 24. h3 Re2 25. Qc1 Qc7 26.
Rf3 cxd4 27. cxd4 Rc2 28. Qb1 Ree2 29. g3 Rg2+ 30. Kf1 Qc4+ 31. Rfd3 Rcf2+
32. Ke1 Qb4+ 33. R1d2 Qe7+ 34. Kd1 Rg1+ 35. Kc2 Rxd2+ 36. Rxd2 Rxb1 37.
Kxb1 Qe4+ 38. Kc1 f6 39. gxf6 gxf6 40. Rc2 Qxd4 41. Rc8+ Kg7 42. Rc7+ Kg6
43. g4 Qf4+ { White forfeits on time } 0-1

[Event "ICC tourney 2530 (3 2)"]
[Site "Internet Chess Club"]
[Date "2021.04.23"]
[Round "4"]
[White "HENDERSON, SAMUEL:K09-16605523"]
[Black "PANIKKATH, ADITYA:K09-30103787"]
[Result "1-0"]
[ICCResult "Black checkmated"]
[WhiteElo "1400"]
[BlackElo "1400"]
[Opening "Sicilian: closed, 2...Nc6"]
[ECO "B23"]
[NIC "SI.44"]
[Time "18:54:49"]
[PlyCount "153"]
[TimeControl "180+2"]

1. e4 c5 2. Nc3 Nc6 3. Nf3 e5 4. Bb5 d6 5. d3 Nf6 6. Bg5 a6 7. Bxc6+ bxc6
8. O-O h6 9. Bh4 Be7 10. h3 Ng8 11. Bxe7 Nxe7 12. Qe2 f6 13. Qe3 Be6 14. b3
d5 15. exd5 cxd5 16. Qxc5 d4 17. Ne4 Qd5 18. Qxd5 Nxd5 19. Rac1 O-O 20. c4
Nf4 21. Ne1 Rad8 22. c5 Bd5 23. c6 Bxe4 24. dxe4 Rc8 25. c7 Rf7 26. Rc6
Rfxc7 27. Rxa6 Ng6 28. Nd3 Ne7 29. f4 Rc2 30. fxe5 fxe5 31. Nxe5 Nc6 32.
Nxc6 R8xc6 33. Rxc6 Rxc6 34. e5 Re6 35. Rf4 d3 36. Rd4 Rxe5 37. Rxd3 Ra5
38. a4 Kf7 39. Rd2 Ke6 40. Kf2 Ra8 41. Ke3 Rb8 42. Rb2 Kd5 43. Kd3 Rb4 44.
Kc3 Kc5 45. a5 Kb5 46. Ra2 Re4 47. a6 Re8 48. a7 Ra8 49. b4 Kb6 50. g4 Rxa7
51. Rxa7 Kxa7 52. Kc4 Kb6 53. b5 Kb7 54. Kd5 Kb6 55. Ke6 Kxb5 56. Kf7 Kc5
57. Kxg7 Kd5 58. Kxh6 Ke5 59. Kh5 Kf6 60. g5+ Kg7 61. g6 Kh8 62. Kg5 Kg7
63. h4 Kh8 64. h5 Kg7 65. h6+ Kh8 66. g7+ Kh7 67. Kh5 Kg8 68. Kg5 Kh7 69.
Kf6 Kg8 70. h7+ Kxh7 71. Kf7 Kh6 72. g8=Q Kh5 73. Kf6 Kh4 74. Kf5 Kh3 75.
Kf4 Kh2 76. Kf3 Kh3 77. Qg3# { Black checkmated } 1-0

[Event "ICC tourney 2530 (3 2)"]
[Site "Internet Chess Club"]
[Date "2021.04.23"]
[Round "4"]
[White "KRISHNAN, SAATVIK:K09-15210955"]
[Black "B LANCMAN, KYLE:K12-15146021"]
[Result "0-1"]
[ICCResult "White checkmated"]
[WhiteElo "1400"]
[BlackElo "1400"]
[Opening "English: symmetrical variation"]
[ECO "A30"]
[NIC "EO.64"]
[Time "18:53:30"]
[PlyCount "144"]
[TimeControl "180+2"]

1. c4 c5 2. Nf3 Nc6 3. g3 g6 4. Bg2 Bg7 5. O-O e5 6. d3 Nge7 7. Nc3 O-O 8.
Bg5 d6 9. Nd5 f6 10. Nxe7+ Qxe7 11. Bd2 Be6 12. a3 a5 13. Qb3 f5 14. Ng5
Bc8 15. Bd5+ Kh8 16. Bxc6 bxc6 17. Qb6 Ra6 18. Qb3 h6 19. Nf3 Be6 20. Nh4
Kh7 21. Qd1 Rb8 22. Rb1 g5 23. Nf3 f4 24. b4 axb4 25. axb4 cxb4 26. Rxb4
Rxb4 27. Bxb4 c5 28. Bc3 Qb7 29. Qc2 Kh8 30. Ra1 Rxa1+ 31. Bxa1 Qa6 32. Qb2
Qa7 33. Nd2 Bf5 34. Ne4 Bxe4 35. dxe4 Qf7 36. Qb8+ Bf8 37. Qb5 fxg3 38.
hxg3 Kg8 39. Qb3 Qh5 40. Qf3 Qxf3 41. exf3 Kf7 42. Kg2 Ke7 43. Kh3 h5 44.
Bc3 Kd7 45. Bd2 Bh6 46. g4 h4 47. Be3 Kc6 48. Bd2 Kb6 49. Bc3 Bf8 50. Bd2
Be7 51. Bc3 Bd8 52. Bd2 Ka6 53. Bc1 Ka5 54. Bd2+ Ka4 55. f4 exf4 56. f3 Kb3
57. Be1 Kxc4 58. Bxh4 gxh4 59. e5 dxe5 60. g5 Bxg5 61. Kg4 Bd8 62. Kf5 Bc7
63. Ke6 Kd3 64. Kd7 c4 65. Kxc7 c3 66. Kb8 c2 67. Ka8 c1=Q 68. Kb8 Kd4 69.
Ka8 Qb2 70. Ka7 Kc5 71. Ka8 Kc6 72. Ka7 Qb7# { White checkmated } 0-1

[Event "ICC tourney 2530 (3 2)"]
[Site "Internet Chess Club"]
[Date "2021.04.23"]
[Round "5"]
[White "PANIKKATH, ADITYA:K09-30103787"]
[Black "VALLI PILLA, ANANYA:K09-14998655"]
[Result "1-0"]
[ICCResult "Black resigns"]
[WhiteElo "1400"]
[BlackElo "1400"]
[Opening "Scotch game"]
[ECO "C45"]
[NIC "SO.04"]
[Time "19:15:04"]
[PlyCount "29"]
[TimeControl "180+2"]

1. e4 e5 2. Nf3 Nc6 3. d4 exd4 4. Nxd4 Nxd4 5. Qxd4 d6 6. Nc3 Nf6 7. f3 Be6
8. Bg5 Be7 9. Bd3 h6 10. Bh4 Qd7 11. O-O-O O-O-O 12. Kb1 Kb8 13. Rhe1 g5
14. Bf2 Rhe8 15. Qxa7+ { Black resigns } 1-0

[Event "ICC tourney 2530 (3 2)"]
[Site "Internet Chess Club"]
[Date "2021.04.23"]
[Round "5"]
[White "JOSHUA RAJESH, AADITYA:K09-16964021"]
[Black "SAFRANEK, WILLIAM:K09-15106903"]
[Result "0-1"]
[ICCResult "White checkmated"]
[WhiteElo "1400"]
[BlackElo "1400"]
[Opening "Two knights defense"]
[ECO "C58"]
[NIC "KP.01"]
[Time "19:15:06"]
[PlyCount "42"]
[TimeControl "180+2"]

1. e4 e5 2. Nf3 Nc6 3. Bc4 Nf6 4. Ng5 d5 5. exd5 Na5 6. Bb5+ c6 7. dxc6
bxc6 8. Bd3 h6 9. Nf3 e4 10. Qe2 Qe7 11. Nd4 exd3 12. Qxe7+ Bxe7 13. cxd3
Bc5 14. Nf3 O-O 15. a3 Nb3 16. Ra2 Nxc1 17. Ra1 Nxd3+ 18. Ke2 Nxf2 19. Rc1
Ba6+ 20. Ke1 Rfe8+ 21. Ne5 Rxe5# { White checkmated } 0-1

[Event "ICC tourney 2530 (3 2)"]
[Site "Internet Chess Club"]
[Date "2021.04.23"]
[Round "5"]
[White "VENKATESH NATARAJAN, ARAVINTH:K12-17300200"]
[Black "MARIAN, AARON:K09-15799497"]
[Result "1-0"]
[ICCResult "Black checkmated"]
[WhiteElo "1400"]
[BlackElo "1400"]
[Opening "French: Two knights variation"]
[ECO "C00"]
[NIC "FR.01"]
[Time "19:15:03"]
[PlyCount "37"]
[TimeControl "180+2"]

1. e4 e6 2. Nf3 d5 3. Nc3 dxe4 4. Nxe4 Nf6 5. Ng3 Nc6 6. Bc4 Bc5 7. O-O O-O
8. c3 a6 9. d4 Bd6 10. Bg5 h6 11. Bxf6 Qxf6 12. Ne4 Qe7 13. Nxd6 cxd6 14.
Bb3 Na5 15. Bc2 e5 16. Re1 Bg4 17. dxe5 dxe5 18. Qd3 Rad8 19. Qh7# { Black
checkmated } 1-0